 Dungeon Crawl Stone Soup version 0.26-a0-1139-g7d2dc893a1 (webtiles) character file.

Game seed: 8282704335595564698

131244 Dracia the Black Belt (level 16, -17/179 HPs)
             Began as a Troll Monk on Dec 21, 2020.
             Was the Champion of Jiyva.
             Blown up by an orb spider (50 damage)
             ... with an orb of destruction
             ... on level 1 of the Spider Nest.
             The game lasted 01:03:39 (27344 turns).

Dracia the Black Belt (Troll Monk)                 Turns: 27344, Time: 01:03:40

Health: -17/179    AC: 11    Str: 10    XL:     16   Next: 25%
Magic:  24/24      EV: 23    Int: 10    God:    Jiyva [******]
Gold:   1633       SH:  0    Dex: 26    Spells: 15/15 levels left

rFire    . . .     SeeInvis +     - Unarmed
rCold    + . .     Faith    .   (no shield)
rNeg     + . .     Spirit   .   k - +0 troll leather armour
rPois    +         Reflect  .   o - +0 hat "Hompuila" {+Blink rPois MP+9} (curse)
rElec    .         Harm     .   r - +1 cloak
rCorr    +         Rampage  .   (gloves unavailable)
Will     +....                  (boots unavailable)
Stlth    ++++......             (no amulet)
HPRegen  1.19/turn              v - ring of see invisible
MPRegen  0.19/turn              g - ring of Ronav {rC+ rN+}

@: lethally poisoned (-17 -> -17), studying Dodging
A: large, unfitting armour, claws 3, repulsion field 1, slimy green scales 1,
regeneration 1, robust 1, shaggy fur 1, tough skin 3, pseudopods 2, translucent
skin 1, jelly absorbing missiles
}: 1/15 runes: slimy
a: Renounce Religion, Evoke Blink, Request Jelly, Slimify, Cure Bad Mutation


You were on level 1 of the Spider Nest.
You worshipped Jiyva.
Jiyva was exalted by your worship.
You visited 6 branches of the dungeon, and saw 30 of its levels.

You collected 1843 gold pieces.
You spent 210 gold pieces at shops.


Innate Abilities, Weirdness & Mutations

You are too large for most types of armour.
You have claws for hands.
Your natural rate of healing is unusually fast.
You are covered in fur. (AC +1)
You have extremely tough skin. (AC +3)
You are surrounded by a mild repulsion field. (EV +2)
You are partially covered in slimy green scales. (AC +2)
You are robust. (+10% HP)
Armour fits poorly on your large pseudopods.
Your translucent skin slightly reduces your foes' accuracy. (Stealth)
You have a small jelly attached to you that may absorb incoming projectiles.


   Skills:
 - Level 11.4 Fighting
 - Level 2.0 Throwing
 + Level 7.0 Armour
 - Level 12.6 Dodging
 - Level 5.0 Stealth
 - Level 15.2 Unarmed Combat
 - Level 9.8 Evocations


You had 15 spell levels left.
You didn't know any spells.
Your spell library contained the following spells:

 Spells                   Type           Power        Failure   Level
 Corona                   Hex            0%           43%         1
 Foxfire                  Conj/Fire      0%           43%         1
 Magic Dart               Conj           0%           43%         1
 Sting                    Tmut/Pois      0%           43%         1
 Blink                    Tloc           N/A          58%         2
 Call Imp                 Summ           0%           58%         2
 Corpse Rot               Necr/Air       N/A          58%         2
 Ensorcelled Hibernation  Hex/Ice        0%           58%         2
 Searing Ray              Conj           0%           58%         2
 Slow                     Hex            0%           58%         2
 Sublimation of Blood     Necr           0%           58%         2
 Confusing Touch          Hex            0%           82%         3
 Conjure Flame            Conj/Fire      0%           82%         3
 Dazzling Flash           Conj/Hex       0%           82%         3
 Mephitic Cloud           Conj/Pois/Air  0%           82%         3
 Spider Form              Tmut/Pois      0%           82%         3
 Stone Arrow              Conj/Erth      0%           82%         3
 Tukima's Dance           Hex            0%           82%         3
 Cause Fear               Hex            0%           99%         4
 Dispel Undead            Necr           0%           99%         4
 Fulminant Prism          Conj/Hex       0%           99%         4
 Iskenderun's Mystic Bla  Conj/Tloc      0%           99%         4
 Agony                    Necr           0%           100%        5
 Excruciating Wounds      Necr           0%           100%        5
 Silence                  Hex/Air        0%           100%        5
 Yara's Violent Unravell  Hex/Tmut       0%           100%        5
 Discord                  Hex            0%           100%        8

Inventory:

Hand Weapons
 x - the +6 shortbow "Mimoxt" {vorpal, *Corrode rPois rC+++ Dex-5}
   (You found it on level 5 of the Pits of Slime)

   Any arrow fired from it inflicts extra damage.
   It affects your dexterity (-5).
   It renders you almost immune to cold.
   It protects you from poison.
   It may corrode you when you take damage.
Missiles
 e - 20 poisoned darts
 p - 3 atropa-tipped darts (quivered)
 A - 11 large rocks {=f=f}
 O - 9 curare-tipped darts {=f=f}
Armour
 f - a +0 tower shield
 k - a +0 troll leather armour (worn)
 o - the cursed +0 hat "Hompuila" (worn) {+Blink rPois MP+9}
   (You found it on level 5 of the Pits of Slime)

   It protects you from poison.
   It affects your magic capacity (+9).
   It lets you blink.
   It has a curse placed upon it.
 r - a +1 cloak (worn)
 C - the +4 robe of Augmentation {Str+4 Int+4 Dex+4}
   (You found it on level 9 of the Dungeon)

   It affects your strength (+4).
   It affects your intelligence (+4).
   It affects your dexterity (+4).
 S - a scarf of invisibility
 V - a +1 robe of the Archmagi
Jewellery
 g - the ring of Ronav (right claw) {rC+ rN+}
   (You found it on level 5 of the Pits of Slime)

   [ring of positive energy]

   It protects you from cold.
   It protects you from negative energy.
 v - a ring of see invisible (left claw)
 w - an uncursed ring of magical power
 L - an uncursed ring of flight
 P - an uncursed ring of willpower
 T - an uncursed amulet of faith {!P!P}
 W - an uncursed ring of magical power
 Z - an uncursed ring of wizardry
Wands
 h - a wand of enslavement (9)
 s - a wand of paralysis (11)
 y - a wand of polymorph (9)
 z - a wand of digging (5)
 F - a wand of random effects (15)
 G - a wand of flame (28)
Scrolls
 a - a scroll of blinking
 c - 13 scrolls of remove curse {@r2@r2}
 j - 5 scrolls of identify {@r1@r1}
 l - 3 scrolls of amnesia
 n - a scroll of enchant armour
 u - 2 scrolls of fear
 B - 2 scrolls of vulnerability
 E - 6 scrolls of teleportation {@r4@r4}
 J - 3 scrolls of enchant weapon
 N - a scroll of brand weapon
 Q - 3 scrolls of fog
 R - a scroll of holy word
Potions
 b - 4 potions of ambrosia {unknown}
 d - 4 potions of curing {@q1@q1}
 i - 3 potions of attraction
 m - a potion of resistance
 q - 2 potions of lignification
 t - 4 potions of cancellation
 D - 4 potions of brilliance
 H - a potion of might
 I - a potion of berserk rage {unknown}
 K - a potion of magic
Books
 M - a manual of Dodging {!d!d}

Dungeon Overview and Level Annotations

Branches:
Dungeon (15/15)            Temple (1/1) D:5            Lair (6/6) D:9
 Shoals (0/4) Lair:3       Spider (1/4) Lair:4        Slime (5/5) Lair:6
    Orc (2/2) D:12            Elf (0/3) Orc:2        Vaults (0/5) D:13
 Depths: D:15

Altars:
Ashenzari
Cheibriados
Dithmenos
Elyvilon
Fedhas
Gozag
Hepliaklqana
Kikubaaqudgha
Makhleb
Nemelex Xobeh
Okawaru
Qazlal
Ru
Sif Muna
Trog
Uskayaw
Vehumet
Wu Jian
Xom
Yredelemnul
Zin
The Shining One
Beogh
Jiyva

Shops:
D:9 :   D:10 =   Orc:2 :*[(

Annotations:
D:14 1 runed translucent door, loralnil's ghost, journeyman GnTm
Lair:2 2 transporters
Lair:4 3 runed translucent doors, Dracia's ghost, journeyman TrMo
Spider:1 Aizul
Slime:5 Royal Jelly

##...#.#.#.#.#....#
.............†....[..#
...........††.......#
.##
#..#.##....##........
....##...
#..#.##.##.....
.......?# #.##....#
.##..
.....#..####........ #
.
.....s☼☼..............
...#S.○@...#........
###############.# .#


You could see Aizul and an orb spider.


Message History

* * * LOW HITPOINT WARNING * * *
You closely miss Aizul.
Aizul is heavily wounded.
You feel sick. Aizul misses you.
You closely miss Aizul. Your bludgeon misses Aizul.
Aizul is heavily wounded.
You feel sick. Aizul barely misses you.
You miss Aizul. You bludgeon Aizul.
Aizul is heavily wounded.
Aizul completely misses you.
You scratch Aizul but do no damage. Your bludgeon misses Aizul.
Aizul is heavily wounded.
You feel sick.
Aizul coils herself and waves her upper body at you.
You barely resist. You miss Aizul.
Aizul is heavily wounded.
The orb spider weaves a glowing orb of energy.
Aizul casts a spell at you. The bolt of poison hits you. You resist.
* * * LOW HITPOINT WARNING * * *
An orb of destruction comes into view.
You feel sick. Aizul casts a spell at you. The poison arrow misses you.
Aizul coils herself and waves her upper body at you.
The bolt of poison hits you! You resist.
* * * LOW HITPOINT WARNING * * *
You feel sick. The orb of destruction hits you!!!
You die...

Skill      XL: |  1  2  3  4  5  6  7  8  9 10 11 12 13 14 15 16 |
---------------+-------------------------------------------------+-----
Unarmed Combat | 5 6 7 10 11 13 14 15 | 15.2
Fighting       | 3 5 6 8 9 10 11 | 11.4
Dodging        | 3 4 6 7 8 9 10 11 12 | 12.6
Evocations     | 1 2 4 5 6 7 8 9 |  9.8
Armour         | 3 4 7 |  7.0
Throwing       | 2 |  2.0
Stealth        | 5 |  5.0

Action                   |  1- 3 |  4- 6 |  7- 9 | 10-12 | 13-15 | 16-18 || total
-------------------------+-------+-------+-------+-------+-------+-------++-------
Melee: Unarmed           |    93 |    78 |   227 |   553 |  1133 |   192 ||  2276
       Punch             |     1 |     3 |    11 |    50 |   148 |    22 ||   235
       Headbutt          |       |       |       |    28 |    48 |       ||    76
       Kick              |       |       |       |       |    84 |       ||    84
       Pseudopods        |       |       |       |       |   238 |    60 ||   298
Invok: Request Jelly     |       |       |       |       |     6 |       ||     6
       Cure Bad Mutation |       |       |       |       |     1 |       ||     1
 Abil: Evoke Blink       |       |       |       |       |     2 |       ||     2
Evoke: Wand              |       |       |     3 |    10 |    23 |     5 ||    41
  Use: Scroll            |       |       |    17 |     8 |    14 |       ||    39
       Potion            |       |       |    10 |     2 |     6 |     1 ||    19
 Stab: Sleeping          |     8 |     2 |     3 |     4 |    15 |     4 ||    36
       Paralysed         |       |       |       |    10 |    18 |       ||    28
       Distracted        |       |       |       |     1 |     4 |       ||     5
Armor: Robe              |    25 |    20 |    24 |   141 |   268 |       ||   478
       Steam dragon scal |       |       |    32 |    36 |       |       ||    68
       Skin              |       |       |     5 |       |       |       ||     5
       Troll leather arm |       |       |       |       |       |    43 ||    43
Dodge: Dodged            |    38 |    39 |   143 |   433 |  1183 |   252 ||  2088

Levels and vault maps discovered:
D:1:      dpeg_arrival_long_road, layout_basic, cheibriados_altar_1
D:2:      layout_loops_ring, chequers_ecumenical_altar_simple_redux
D:3:      layout_basic, nicolae_ru_awakened_eye, uniq_grinder, uniq_terence
D:4:      layout_loops_ring
D:5:      layout_cave_pods, minitemple, minmay_temple_entry_ruins
D:6:      layout_cave_pods, kennysheep_generic_room_3
D:7:      layout_basic, serial_park_tiny_1, hangedman_misty_isle
D:8:      layout_cave_pods, yredelemnul_forgotten_temple_becter, serial_park,
          serial_park_tiny_pond, serial_park_gazebo
          [serial_park_minivault_5x5_2], serial_park_tiny_2,
          minmay_misc_feat_rows, minmay_misc_feat_enclosed
D:9:      layout_big_octagon, basic_altar, serial_shops, kennysheep_mini,
          uniq_maggie
D:10:     layout_roguey, serial_shops,
          nicolae_shop_temple_entry_statues_fountains, billiards_dpeg
D:11:     layout_roguey
D:12:     layout_cave_pools, david_orc_5, chequers_arboretum, uniq_jorgrun
D:13:     layout_small_grid, erik_vaults_2, enter_bailey_5, minivault_7,
          uniq_urug
D:14:     layout_cave_pools, ebering_ghost_reflecting_pool,
          minmay_misc_feat_tiny, elyvilon_altar_5
D:15:     hangedman_depths_entry_try_elsewhere_first, layout_basic,
          hangedman_decor_opposing, serial_shops, shop
Temple:   dpeg_five_rooms_temple
Lair:1:   layout_regular_city, cheibrodos_lair_reptile_den
Lair:2:   gammafunk_cloud_chamber, layout_regular_city, zaba_antful_of_joy
Lair:3:   layout_long_grid, shoals_dummy_entry, serial_forest,
          infiniplex_forest_clump_small, infiniplex_forest_straight_4,
          infiniplex_forest_corner_1, infiniplex_forest_corner_2,
          infiniplex_forest_lined_corner, infiniplex_forest_corner_2,
          infiniplex_forest_clump_double, infiniplex_forest_clump_tiny,
          infiniplex_forest_clump_medium, bobbens_dragon_lair_wall,
          lemuel_fruit_tree, serial_bayou_shore_a
Lair:4:   layout_layer_cave, spider_nest_entry_rubble, gauntlet_entry_generic,
          gammafunk_ghost_hydra_chop, minmay_stone_trees_medium,
          lemuel_centaur_altar, uniq_sonja
Lair:5:   layout_regular_city, minivault_19
Lair:6:   gammafunk_lair_ancient_temple, layout_cave_shapes,
          dpeg_slime_entry_enclosed_altar, infiniplex_staircase_pool
Spider:1: layout_spider_delve, ebering_ghost_disaster_area,
          hangedman_spider_tarantella_strand, uniq_aizul
Slime:1:  layout_caves
Slime:2:  layout_caves
Slime:3:  layout_caves
Slime:4:  layout_caves, basic_altar
Slime:5
Orc:1:    layout_caves, serial_shops, nicolae_shop_trees, abandoned_shop,
          sword_in_stone
Orc:2:    st_orc_congregation, layout_diamond_mine, elf_legates

Notes
Turn   | Place    | Note
-------+----------+-------------------------------------------
     0 | D:1      | Dracia the Troll Monk began the quest for the Orb.
     0 | D:1      | Reached XP level 1. HP: 22/22 MP: 0/0
   193 | D:1      | Reached XP level 2. HP: 29/29 MP: 1/1
   437 | D:1      | Found a snail-covered altar of Cheibriados.
   731 | D:1      | Reached XP level 3. HP: 36/36 MP: 2/2
  1069 | D:2      | Found a faded altar of an unknown god.
  1348 | D:2      | Reached skill level 4 in Unarmed Combat
  1499 | D:3      | Noticed Grinder
  1509 | D:3      | Killed Grinder
  1510 | D:3      | Reached skill level 3 in Fighting
  1510 | D:3      | Reached skill level 3 in Dodging
  1510 | D:3      | Reached skill level 5 in Unarmed Combat
  1510 | D:3      | Reached XP level 4. HP: 27/45 MP: 3/3
  1510 | D:3      | Reached XP level 5. HP: 32/53 MP: 4/4
  1618 | D:3      | Reached XP level 6. HP: 51/61 MP: 5/5
  1644 | D:3      | Noticed Terence
  1653 | D:3      | Killed Terence
  1716 | D:3      | Found a sacrificial altar of Ru.
  2105 | D:4      | Reached skill level 1 in Evocations
  2340 | D:4      | Reached skill level 6 in Unarmed Combat
  2344 | D:4      | Reached XP level 7. HP: 51/67 MP: 6/6
  2717 | D:5      | Entered Level 5 of the Dungeon
  2866 | D:5      | Found a staircase to the Ecumenical Temple.
  2955 | D:5      | Reached skill level 4 in Dodging
  3185 | D:5      | Reached skill level 2 in Evocations
  3243 | D:5      | Reached skill level 7 in Unarmed Combat
  3319 | D:5      | Found an opulent altar of Gozag.
  3320 | D:5      | Found a bloodstained altar of Trog.
  3716 | Temple   | Entered the Ecumenical Temple
  4122 | D:6      | Reached XP level 8. HP: 60/75 MP: 7/7
  4782 | D:6      | Identified 2 potions of resistance
  4788 | D:6      | Identified 2 potions of experience
  4788 | D:6      | Reached skill level 5 in Fighting
  4788 | D:6      | Reached skill level 3 in Armour
  4788 | D:6      | Reached skill level 6 in Dodging
  4788 | D:6      | Reached skill level 10 in Unarmed Combat
  4788 | D:6      | Reached skill level 4 in Evocations
  4788 | D:6      | Reached XP level 9. HP: 53/88 MP: 8/8
  5008 | D:7      | Reached skill level 5 in Evocations
  6204 | D:8      | Found a basalt altar of Yredelemnul.
  6444 | D:8      | Reached XP level 10. HP: 96/96 MP: 9/9
  6456 | D:8      | Reached skill level 7 in Dodging
  6574 | D:9      | Reached skill level 11 in Unarmed Combat
  6753 | D:9      | Noticed Maggie
  6759 | D:9      | Killed Maggie
  6775 | D:9      | Found a staircase to the Lair.
  6841 | D:9      | Found a hide-covered altar of Uskayaw.
  6844 | D:9      | Noticed a cyclops
  6852 | D:9      | HP: 3/96 [cyclops (28)]
  6854 | D:9      | Killed a cyclops
  7203 | D:9      | Found the +4 robe of Augmentation {Str+4 Int+4 Dex+4}
  7386 | D:9      | Found Ynli's Book Emporium.
  7534 | Lair:1   | Entered Level 1 of the Lair of Beasts
  7805 | Lair:1   | Noticed a four-headed hydra
  7818 | Lair:1   | Killed a 12-headed hydra
  7819 | Lair:1   | Reached skill level 6 in Evocations
  7837 | Lair:1   | Reached XP level 11. HP: 17/104 MP: 10/10
  8029 | Lair:1   | Reached skill level 12 in Unarmed Combat
  8672 | Lair:2   | Found a transporter.
  8826 | Lair:2   | Reached skill level 8 in Dodging
  9217 | Lair:2   | Reached skill level 6 in Fighting
  9419 | Lair:2   | Noticed an eight-headed hydra
  9425 | Lair:2   | Killed an eight-headed hydra
  9652 | Lair:2   | Reached skill level 13 in Unarmed Combat
  9915 | Lair:2   | Found a transporter.
  9970 | Lair:2   | Noticed a queen ant
  9975 | Lair:2   | Reached XP level 12. HP: 86/115 MP: 11/11
  9983 | Lair:2   | Killed a queen ant
  9984 | Lair:2   | Reached skill level 7 in Evocations
 10533 | Lair:3   | Reached skill level 7 in Fighting
 11097 | Lair:3   | Reached skill level 9 in Dodging
 11115 | Lair:3   | Gained mutation: You have a pair of small horns on your
                  | head. [potion of mutation]
 11115 | Lair:3   | Gained mutation: You are agile. (Dex +2) [potion of
                  | mutation]
 11115 | Lair:3   | Gained mutation: Your spells are a little easier to cast,
                  | but a little less powerful. [potion of mutation]
 11115 | Lair:3   | Gained mutation: You are somewhat resistant to further
                  | mutation. [potion of mutation]
 11120 | Lair:3   | Reached skill level 8 in Fighting
 11126 | Lair:3   | Found a staircase to the Shoals.
 11455 | Lair:3   | Identified a scroll of acquirement
 11456 | Lair:3   | Acquired a manual of Dodging
 12132 | Lair:4   | Found a runed translucent gate.
 12132 | Lair:4   | Found a runed translucent gate.
 12132 | Lair:4   | Found a runed translucent gate.
 12133 | Lair:4   | Noticed a 14-headed hydra
 12134 | Lair:4   | Noticed Dracia's ghost (journeyman TrMo)
 12135 | Lair:4   | Noticed a 14-headed hydra
 12168 | Lair:4   | Noticed Sonja
 12175 | Lair:4   | Killed Sonja
 12207 | Lair:4   | Found a gate leading to a gauntlet.
 12355 | Lair:4   | Found a basalt altar of Yredelemnul.
 12874 | Lair:4   | Reached XP level 13. HP: 78/128 MP: 12/12
 13031 | Lair:4   | Found a hole to the Spider Nest.
 14227 | Lair:5   | Reached skill level 9 in Fighting
 14346 | Lair:6   | Entered Level 6 of the Lair of Beasts
 14410 | Lair:6   | Found a viscous altar of Jiyva.
 14410 | Lair:6   | Found a staircase to the Slime Pits.
 14414 | Lair:6   | Became a worshipper of Jiyva Juxtux the Shapeless
 14414 | Lair:6   | Reached * piety under Jiyva
 14414 | Lair:6   | Reached ** piety under Jiyva
 14937 | Lair:4   | Reached *** piety under Jiyva
 15135 | Lair:3   | Gained mutation: Your flesh is heat resistant. (rF+)
                  | [Jiyva's grace]
 15452 | D:9      | Reached **** piety under Jiyva
 15452 | D:9      | Gained mutation: You have sharp toenails. [Jiyva's grace]
 15751 | D:8      | Gained mutation: You are partially covered in slimy green
                  | scales. (AC +2) [Jiyva's grace]
 16012 | D:6      | Reached ***** piety under Jiyva
 16442 | Lair:6   | Reached skill level 8 in Evocations
 16477 | Lair:6   | Reached skill level 10 in Dodging
 16539 | Lair:6   | Reached skill level 2 in Throwing
 16539 | Lair:6   | Reached skill level 4 in Armour
 16539 | Lair:6   | Reached skill level 14 in Unarmed Combat
 16539 | Lair:6   | Reached XP level 14. HP: 44/141 MP: 13/13
 16544 | Lair:6   | HP: 5/141 [elephant (15)]
 16761 | Lair:6   | Lost mutation: You have a pair of small horns on your head.
                  | [Jiyva's grace]
 17067 | Lair:6   | Reached skill level 10 in Fighting
 17084 | Lair:6   | Gained mutation: You are very agile. (Dex +4) [Jiyva's
                  | grace]
 17386 | Lair:6   | Lost mutation: Your spells are a little easier to cast, but
                  | a little less powerful. [Jiyva's grace]
 17458 | Lair:6   | Reached ****** piety under Jiyva
 17595 | Slime:1  | Entered Level 1 of the Pits of Slime
 17697 | Slime:2  | Noticed an azure jelly
 17705 | Slime:2  | Noticed an azure jelly
 17793 | Slime:2  | Noticed an acid blob
 17899 | Slime:2  | Noticed an acid blob
 17987 | Slime:3  | Noticed an acid blob
 18091 | Slime:3  | Noticed an acid blob
 18095 | Slime:3  | Noticed an acid blob
 18168 | Slime:3  | Noticed an acid blob
 18279 | Slime:5  | Entered Level 5 of the Pits of Slime
 18279 | Slime:5  | Noticed an acid blob
 18282 | Slime:5  | Lost mutation: You are very agile. (Dex +4) [Jiyva's grace]
 18287 | Slime:5  | Lost mutation: You are agile. (Dex +2) [Jiyva's grace]
 18289 | Slime:5  | Lost mutation: You have sharp toenails. [Jiyva's grace]
 18291 | Slime:5  | Gained mutation: Your muscles are strong. (Str +2) [Jiyva's
                  | grace]
 18294 | Slime:5  | Gained mutation: You are dopey. (Int -2) [Jiyva's grace]
 18305 | Slime:5  | Noticed an acid blob
 18317 | Slime:5  | Noticed an azure jelly
 18326 | Slime:5  | Noticed an acid blob
 18328 | Slime:5  | Found a viscous altar of Jiyva.
 18328 | Slime:5  | Noticed an acid blob
 18329 | Slime:5  | Noticed the Royal Jelly
 18332 | Slime:5  | Noticed an acid blob
 18332 | Slime:5  | Noticed an acid blob
 18338 | Slime:5  | Got a wavering granite ring
 18340 | Slime:5  | Got a glimmering hat
 18342 | Slime:5  | Got an iridescent shortbow
 18380 | Slime:5  | Got a slimy rune of Zot
 18388 | Slime:5  | Identified Ashehid's Disquisition on Venom and Battle Magic
 18392 | Slime:5  | Identified the +6 shortbow "Mimoxt" {vorpal, *Corrode rPois
                  | rC+++ Dex-5} (You found it on level 5 of the Pits of Slime)
 18393 | Slime:5  | Identified the cursed +0 hat "Hompuila" {+Blink rPois MP+9}
                  | (You found it on level 5 of the Pits of Slime)
 18399 | Slime:5  | Identified the ring of Ronav {rC+ rN+} (You found it on
                  | level 5 of the Pits of Slime)
 18471 | Slime:5  | Noticed an acid blob
 18645 | Slime:5  | Noticed an acid blob
 18896 | Lair:6   | Reached skill level 11 in Dodging
 19098 | Lair:6   | Gained mutation: Your translucent skin slightly reduces
                  | your foes' accuracy. (Stealth) [Jiyva's grace]
 19345 | D:10     | Entered Level 10 of the Dungeon
 19395 | D:10     | Found Xiadd's Jewellery Shop.
 19401 | D:10     | Bought an uncursed ring of see invisible for 210 gold
                  | pieces
 19805 | D:10     | Gained mutation: You tend to lose your temper in combat.
                  | [Jiyva's grace]
 20341 | D:11     | Lost mutation: You are dopey. (Int -2) [Jiyva's grace]
 20438 | D:11     | Reached skill level 9 in Evocations
 20567 | D:12     | Identified a +1 robe of the Archmagi
 20567 | D:12     | Noticed Jorgrun
 20582 | D:12     | Killed Jorgrun
 20644 | D:12     | Gained mutation: Your muscles are very strong. (Str +4)
                  | [Jiyva's grace]
 20676 | D:12     | Reached XP level 15. HP: 152/152 MP: 14/14
 20768 | D:12     | Found a roughly hewn altar of Beogh.
 20770 | D:12     | Found a staircase to the Orcish Mines.
 20884 | D:11     | Gained mutation: Armour fits poorly on your pseudopods.
                  | [Jiyva's grace]
 20971 | D:12     | Lost mutation: You are somewhat resistant to further
                  | mutation. [Jiyva's grace]
 20971 | D:12     | Gained mutation: You evolve. [Jiyva's grace]
 21210 | D:12     | Lost mutation: You tend to lose your temper in combat.
                  | [Jiyva's power]
 21250 | D:12     | Gained mutation: Your mind is acute. (Int +2) [evolution]
 21566 | Orc:1    | Entered Level 1 of the Orcish Mines
 21584 | D:12     | Lost mutation: Your flesh is heat resistant. (rF+) [Jiyva's
                  | grace]
 21646 | D:12     | Reached skill level 11 in Fighting
 21649 | D:12     | Reached skill level 12 in Dodging
 22007 | Orc:2    | Entered Level 2 of the Orcish Mines
 22197 | Orc:2    | Found a staircase to the Elven Halls.
 22289 | Orc:2    | Noticed an orc warlord
 22292 | Orc:2    | Found the +27 Lear's hauberk
 22297 | Orc:2    | Killed an orc warlord
 22316 | Orc:2    | Reached skill level 15 in Unarmed Combat
 22620 | Orc:1    | Gained mutation: Armour fits poorly on your large
                  | pseudopods. [Jiyva's grace]
 23172 | Orc:2    | Gained mutation: You are robust. (+10% HP) [Jiyva's grace]
 23180 | Orc:2    | Paralysed by an orc sorcerer for 2 turns
 23513 | Orc:2    | Gained mutation: Your spells are a little harder to cast,
                  | but a little more powerful. [Jiyva's grace]
 23555 | Orc:2    | Lost mutation: Your translucent skin slightly reduces your
                  | foes' accuracy. (Stealth) [Jiyva's grace]
 23568 | Orc:2    | Gained mutation: You have a somewhat thin skeletal
                  | structure. (Dex +2, Stealth) [Jiyva's grace]
 23592 | Orc:2    | Lost mutation: Your muscles are very strong. (Str +4)
                  | [Jiyva's grace]
 23617 | Orc:2    | Lost mutation: Your spells are a little harder to cast, but
                  | a little more powerful. [Jiyva's grace]
 23627 | Orc:2    | Noticed an orc warlord
 23636 | Orc:2    | Lost mutation: You have a somewhat thin skeletal structure.
                  | (Dex +2, Stealth) [Jiyva's grace]
 23777 | Orc:2    | Gained mutation: You have a small jelly attached to you
                  | that may absorb incoming projectiles. [Jiyva's grace]
 23910 | Orc:2    | Killed an orc warlord
 23911 | Orc:2    | Reached skill level 2 in Stealth
 23914 | Orc:2    | Gained mutation: Your translucent skin slightly reduces
                  | your foes' accuracy. (Stealth) [Jiyva's grace]
 24047 | Orc:2    | Found Zoufuath's General Store.
 24048 | Orc:2    | Found Kuem's Book Shop.
 24049 | Orc:2    | Found Esuiczop's Antique Armour Shop.
 24049 | Orc:2    | Found Usiwniti's Antique Weapon Boutique.
 24419 | Spider:1 | Entered Level 1 of the Spider Nest
 24630 | Lair:4   | Reached skill level 3 in Stealth
 24896 | D:11     | Lost mutation: Your muscles are strong. (Str +2) [Jiyva's
                  | grace]
 24928 | D:13     | Noticed Urug
 24937 | D:13     | Killed Urug
 25090 | D:13     | Found a gate to the Vaults.
 25191 | D:13     | Gained mutation: You are surrounded by a mild repulsion
                  | field. (EV +2) [Jiyva's grace]
 25197 | D:13     | Reached skill level 4 in Stealth
 25367 | D:13     | Lost mutation: Your mind is acute. (Int +2) [Jiyva's grace]
 25664 | D:13     | Reached skill level 5 in Stealth
 25932 | D:13     | Reached XP level 16. HP: 169/179 MP: 15/15
 26224 | D:14     | Reached skill level 5 in Armour
 26322 | D:14     | Found a white marble altar of Elyvilon.
 26568 | D:13     | Reached skill level 6 in Armour
 26715 | D:14     | Found a runed translucent door.
 26717 | D:14     | Noticed loralnil's ghost (journeyman GnTm)
 26731 | D:14     | Lost mutation: You evolve. [Jiyva's grace]
 26958 | D:15     | Entered Level 15 of the Dungeon
 27299 | Spider:1 | Noticed Aizul
 27326 | Spider:1 | Reached skill level 7 in Armour
 27344 | Spider:1 | Blown up by an orb spider

Vanquished Creatures
  Jorgrun (D:12)
  2 orc warlords (Orc:2)
  An emperor scorpion (Lair:4)
  6 hydras
  7 vault guards (D:13)
  2 boulder beetles
  A merfolk avatar (Lair:6)
  4 two-headed ogres (D:12)
  3 death yaks (Lair:6)
  An ogre mage (Orc:1)
  A queen ant (Lair:2)
  A tengu warrior (D:13)
  5 orc high priests (Orc:2)
  Urug (D:13)
  A deep elf knight (Orc:2)
  Sonja (Lair:4)
  3 unseen horrors
  2 sea snakes (Lair:6)
  4 deep elf magi
  3 orc knights (Orc:2)
  6 orc sorcerers (Orc:2)
  6 wolf spiders
  14 ugly things
  2 cyclopes
  2 black mambas
  2 manticores (D:11)
  3 centaur zombies
  4 elephants (Lair:6)
  3 centaur skeletons
  2 gargoyles
  Maggie (D:9)
  15 rime drakes
  10 komodo dragons
  18 cane toads
  A kobold demonologist (D:12)
  A tengu conjurer (D:13)
  7 polar bears
  A queen bee (D:13)
  4 jumping spiders
  Grinder (D:3)
  3 meliai (D:13)
  10 trolls
  A wind drake (Lair:6)
  4 hornets
  13 blink frogs
  2 tarantellas
  2 shadows (D:13)
  9 redbacks
  2 wraiths
  46 yaks
  2 basilisks
  2 wyverns
  12 steam dragons
  A vampire mosquito (D:14)
  2 insubstantial wisps
  A warg (Orc:1)
  7 soldier ants
  An acid dragon (Lair:3)
  18 water moccasins
  3 ice beasts
  30 orc warriors
  7 sky beasts
  2 black bears
  10 ogres
  3 phantoms
  7 wolves
  9 centaurs
  A centaur (shapeshifter) (D:14)
  3 big kobolds
  19 bullfrogs
  A wyvern skeleton (D:12)
  A scorpion (D:12)
  15 killer bees
  7 wights
  3 electric eels
  5 howler monkeys
  5 hounds
  A quasit (D:10)
  A jelly (D:5)
  22 orc priests
  A bullfrog skeleton (D:11)
  Terence (D:3)
  A gnoll shaman (D:6)
  5 hell rats
  2 iguanas
  25 orc wizards
  36 worker ants
  2 worker ant zombies (D:11)
  A howler monkey skeleton (D:8)
  12 adders
  4 gnolls (D:6)
  A shadow imp (D:7)
  2 white imps
  2 ufetubi
  An ooze (D:6)
  2 adder zombies
  An adder skeleton (D:4)
  2 dart slugs (D:1)
  6 leopard geckos
  66 orcs
  A ball python (D:1)
  2 giant cockroaches
  8 goblins
  9 hobgoblins
  6 jackals
  5 quokkas
  2 bats
  5 frilled lizards
  A jackal zombie (D:5)
  21 kobolds
  A leopard gecko skeleton (D:7)
  5 rats
  A spectral orc (D:8)
686 creatures vanquished.

Vanquished Creatures (others)
  A boulder beetle (D:13)
  An orc knight (Orc:2)
  4 slime creatures (D:13)
  A cane toad (Lair:6)
  A polar bear (Lair:6)
  2 wyverns
  A yak (D:12)
  A water moccasin (D:13)
  An orc warrior (Orc:2)
  2 bullfrogs (D:10)
  3 killer bees
  A centaur zombie (D:11)
  67 jellies
  4 orc wizards
  A worker ant (D:11)
  13 orcs
  2 kobolds
  A quokka (D:12)
  2 goblins (D:13)
  63 fungi
  144 plants
316 creatures vanquished.

Grand Total: 1002 creatures vanquished

Table legend: (Time is in decaauts)
 A = Elapsed time spent in this place.
 B = Non-inter-level travel time spent in this place.
 C = Inter-level travel time spent in this place.
 D = Time resting spent in this place.
 E = Time spent auto-exploring this place.
 F = Levels seen in this place.
 G = Mean time per level.
                   A        B        C        D        E       F      G
               +--------+--------+--------+--------+--------+-----+--------+
         Total |  26969 |  25001 |   1968 |   4229 |  14154 |  30 |  899.0 |
       Dungeon |  12993 |  11946 |   1047 |   1288 |   7458 |  15 |  866.2 |
        Temple |    237 |    188 |     49 |      0 |    188 |   1 |  237.0 |
          Lair |   9881 |   9194 |    687 |   2325 |   4514 |   6 | 1646.8 |
   Spider Nest |    295 |    291 |      4 |      4 |    155 |   1 |  295.0 |
    Slime Pits |   1182 |   1125 |     57 |      0 |    993 |   5 |  236.4 |
  Orcish Mines |   2379 |   2256 |    123 |    611 |    845 |   2 | 1189.5 |
               +--------+--------+--------+--------+--------+-----+--------+

Top non-repeatable levels by time:
  Lair:4: 2113 daAuts
  Lair:3: 1925 daAuts
  Lair:2: 1872 daAuts
   Orc:2: 1859 daAuts
  Lair:5: 1523 daAuts
     D:8: 1303 daAuts
  Lair:6: 1302 daAuts
     D:9: 1287 daAuts
    D:13: 1218 daAuts
    D:12: 1186 daAuts
     D:6: 1151 daAuts
  Lair:1: 1144 daAuts
     D:5: 1056 daAuts
     D:1: 853 daAuts
     D:7: 798 daAuts

Table legend:
 A = Non-vault XP
 B = Vault XP
 C = Vault XP percentage of total XP
 D = Non-vault monster count
 E = Vault monster count
 F = Vault count percentage of total count
                 A         B        C        D         E       F
            +---------+---------+-------+---------+---------+-------
      Total |   84852 |   51939 |  38.0 |     464 |     224 |  32.6
            +---------+---------+-------+---------+---------+-------
        D:1 |      42 |       0 |   0.0 |      23 |       0 |   0.0
        D:2 |      38 |       0 |   0.0 |      16 |       0 |   0.0
        D:3 |     157 |     315 |  66.7 |      19 |       2 |   9.5
        D:4 |     212 |       0 |   0.0 |       9 |       0 |   0.0
        D:5 |     515 |       0 |   0.0 |      11 |       0 |   0.0
        D:6 |     625 |     295 |  32.1 |      17 |       2 |  10.5
        D:7 |     472 |     597 |  55.8 |      11 |       4 |  26.7
        D:8 |     880 |       1 |   0.1 |      26 |       1 |   3.7
        D:9 |    2764 |     715 |  20.6 |      23 |       5 |  17.9
       D:10 |    2389 |     139 |   5.5 |      25 |       3 |  10.7
       D:11 |    4820 |     128 |   2.6 |      26 |       2 |   7.1
       D:12 |    6444 |    3551 |  35.5 |      21 |      18 |  46.2
       D:13 |   10142 |    9601 |  48.6 |      25 |      26 |  51.0
       D:14 |    8001 |       0 |   0.0 |      19 |       0 |   0.0
     Lair:1 |    3578 |     180 |   4.8 |      13 |       3 |  18.8
     Lair:2 |    8298 |    2717 |  24.7 |      34 |      34 |  50.0
     Lair:3 |    3730 |    5595 |  60.0 |      15 |      22 |  59.5
     Lair:4 |    6291 |    1474 |  19.0 |      20 |       6 |  23.1
     Lair:5 |    5781 |     265 |   4.4 |      21 |       1 |   4.5
     Lair:6 |    9679 |    8198 |  45.9 |      34 |      20 |  37.0
   Spider:1 |    4904 |     219 |   4.3 |      13 |       1 |   7.1
      Orc:1 |    1595 |    1106 |  40.9 |       8 |       2 |  20.0
      Orc:2 |    3495 |   16843 |  82.8 |      35 |      72 |  67.3
            +---------+---------+-------+---------+---------+-------
